 Dungeon Crawl Stone Soup version 0.30.1-11-g7821555f0a (webtiles) character file.

Game seed: 5410015073584204474

23 Hakon the Stinger (level 3, -3/27 HPs)
             Began as a Hill Orc Venom Mage on Nov 14, 2023.
             Slain by a gnoll
             ... wielding a +0 flail
              (8 damage)
             ... on level 2 of the Dungeon.
             The game lasted 00:03:04 (667 turns).

Hakon the Stinger (Hill Orc Venom Mage)              Turns: 667, Time: 00:03:05

Health: -3/27      AC:  2    Str: 10    XL:     3   Next: 0%
Magic:  0/5        EV: 12    Int: 17    God:
Gold:   30         SH:  0    Dex: 11    Spells: 2/5 levels left

rFire   . . .        h - +0 dagger
rCold   . . .        (no shield)
rNeg    . . .        a - +0 robe
rPois   .            (no helmet)
rElec   .            (no cloak)
rCorr   .            (no gloves)
SInv    .            (no boots)
Will    .....        (no amulet)
Stlth   ++           i - ring of wizardry
HPRegen 0.24/turn    (no ring)
MPRegen 0.09/turn

%: wizardry (x1)
@: no status effects
A: no striking features
a: no special abilities


You were on level 2 of the Dungeon.
You visited 1 branch of the dungeon, and saw 2 of its levels.

You collected 30 gold pieces.

Inventory:

Hand Weapons
 h - a +0 dagger (weapon)
Missiles
 e - 3 datura-tipped darts
Armour
 a - a +0 robe (worn)
Jewellery
 i - a ring of wizardry (left hand)
Scrolls
 f - a scroll of poison {unknown}
 g - a scroll of butterflies {unknown}
 j - a scroll of fear {unknown}
Potions
 b - a potion of magic
 c - a potion of curing {unknown}
 d - a potion of ambrosia {unknown}


   Skills:
 * Level 0.8 Fighting
 * Level 0.1 Short Blades
 * Level 0.1 Throwing
 * Level 0.4 Armour
 * Level 1.7 Dodging
 * Level 1.7 Stealth
 * Level 1.7 Spellcasting
 * Level 0.8 Transmutations
 * Level 3.0 Poison Magic


You had 2 spell levels left.
You knew the following spells:

 Your Spells              Type           Power      Damage    Failure   Level
a - Sting                 Tmut/Pois      32%        1d4       3%          1
b - Poisonous Vapours     Pois/Air       12%        N/A       6%          2

Your spell library contained the following spells:

 Spells                   Type           Power      Damage    Failure   Level
 Mephitic Cloud           Conj/Pois/Air  4%         N/A       16%         3
 Olgreb's Toxic Radiance  Pois           11%        N/A       22%         4


Dungeon Overview and Level Annotations

Branches:
Dungeon (2/15)

Altars:

Shops:
D:1 (


Message History

The gnoll shouts! x2
A gnoll comes into view. It is wielding a +0 flail.
Aiming: Poisonous Vapours (safe; 8% risk of failure)
Press: ? - help, Q - select action, (/) - cycle Dir - move target, f - gnoll
Aim: a gnoll, wielding a +0 flail Poisonous vapours surround the gnoll!
The gnoll is poisoned.
Aiming: Poisonous Vapours (safe; 8% risk of failure)
Press: ? - help, Q - select action, (/) - cycle Dir - move target, f/p - gnoll
Aim: a gnoll, wielding a +0 flail (poisoned) Poisonous vapours surround the gnoll!
The gnoll looks even sicker.
The gnoll barely misses you.
You completely miss the gnoll.
The gnoll is heavily wounded.
The gnoll misses you.
The gnoll hits you from afar with a +0 spear.
The gnoll attacks as you move away! The gnoll hits you with a +0 flail.
The gnoll closely misses you.
The gnoll hits you from afar with a +0 spear.
The gnoll misses you.
The gnoll hits you from afar with a +0 spear.
You kill the gnoll!
Your Poison Magic skill increases to level 3!
You have reached level 3!
Your experience leads to an increase in your attributes!
Increase (S)trength, (I)ntelligence, or (D)exterity?
You feel clever. x2
The gnoll hits you from afar with a +0 spear.
* * * LOW HITPOINT WARNING * * *
Aiming: Poisonous Vapours (safe; 6% risk of failure)
Press: ? - help, Q - select action, (/) - cycle Dir - move target, f - gnoll
Aim: a gnoll, wielding a +0 flail Poisonous vapours surround the gnoll!
The gnoll is poisoned.
Aiming: Poisonous Vapours (safe; 6% risk of failure)
Press: ? - help, Q - select action, (/) - cycle Dir - move target, f - gnoll, p - gnoll
Aim: a gnoll, wielding a +0 spear Poisonous vapours surround the gnoll!
The gnoll is poisoned.
The gnoll attacks as you move away! The gnoll hits you with a +0 flail!
* * * LOW HITPOINT WARNING * * *
The gnoll attacks as you move away! The gnoll hits you with a +0 flail!
You die...

##### #...# #....
#...#
###############.##
#...............#
#@###############
#g# #g# #.# #.#
#.# #.# #.# #.#


You could see 2 gnolls.

Vanquished Creatures
  A gnoll (D:2)
  2 ball pythons (D:1)
  An endoplasm (D:1)
  A giant cockroach (D:1)
  2 hobgoblins (D:1)
  A kobold (D:1)
  3 bats
  A frilled lizard (D:1)
12 creatures vanquished.

Notes
Turn   | Place    | Note
-------+----------+-------------------------------------------
     0 | D:1      | Hakon the Hill Orc Venom Mage began the quest for the Orb.
     0 | D:1      | Reached XP level 1. HP: 14/14 MP: 3/3
   319 | D:1      | Reached XP level 2. HP: 22/22 MP: 2/4
   377 | D:1      | Learned a level 2 spell: Poisonous Vapours
   417 | D:1      | Found Dezaup's Antique Weapon Shoppe.
   431 | D:1      | You fall into a shaft and drop 1 floor!
   630 | D:2      | Reached skill level 3 in Poison Magic
   630 | D:2      | Reached XP level 3. HP: 9/27 MP: 1/5
   667 | D:2      | Slain by a gnoll

Illustrated notes

Levels and vault maps discovered:
D:1:      dpeg_cavernosity, layout_loops_ring, serial_shops, shop
D:2:      layout_loops_ring, kennysheep_another_room

Skill      XL: |  1  2 |
---------------+-------+-----
Poison Magic   | 3 |  3.0
Fighting       | |  0.8
Short Blades   | |  0.1
Throwing       | |  0.1
Armour         | |  0.4
Dodging        | |  1.7
Stealth        | |  1.7
Spellcasting   | |  1.7
Transmutations | |  0.8

Action                     || total
---------------------------++-------
  Melee: Unarmed           ||     2
         Dagger            ||    15
   Cast: Sting             ||    16
         Poisonous Vapours ||     6
 Armour: Robe              ||    12
  Dodge: Dodged            ||    46
